AoeStats
← elchinaleikazo

African Clearing

510289360Analyzed
4v4 RM · 1d ago on Sep 30, 2026· 34m 24s· 8 players
Game mode
Random Map
Map size
Large (8 player)
Population
200
Speed
Normal
Resources
Standard
Victory
Conquest
Starting age
Dark Age
Ending age
Imperial Age
RankedLock teamsTeams togetherTeam positionsShared explorationLock speedFull tech treeHidden civsTurbo modeCheats
Victory
Defeat
🇻🇳 Byzantines · Vietnam
1403
+13
🇺🇸 Berbers · United States
1386
+14
🇨🇳 Saracens · China
1374
+15
🇹🇼 Britons · Taiwan
1316
+17
🇦🇷 Magyars · Argentina
1456
-19
🇦🇷 Slavs · Argentina
1320
-14
1301
-13
🇳🇴 Poles · Norway
1298
-13
S.T.A.R.S. Wesker
12:48 Loom
14:34 Feudal Age
18:36 Castle Age
16:50 Double-Bit Axe
20:04 Bow Saw
23:13 Horse Collar
26:33 Wheelbarrow
33:45 Scale Barding Armor
33:50 Forging
36:50 Imperial Age
托尼
5:00 Loom
13:32 Feudal Age
14:24 Double-Bit Axe
17:34 Gold Mining
20:52 Castle Age
20:02 Fletching
20:43 Padded Archer Armor
31:22 Bodkin Arrow
31:43 Leather Archer Armor
tychodalat
9:02 Loom
11:43 Feudal Age
15:57 Forging
22:48 Castle Age
26:26 Double-Bit Axe
37:16 Imperial Age
抖音帝国时代dmv
11:35 Loom
15:03 Feudal Age
19:51 Castle Age
18:27 Double-Bit Axe
18:56 Fishing Lines
20:14 Fletching
20:53 Gillnets
21:38 Forging
21:26 Bodkin Arrow
22:24 Ballistics
22:45 Bow Saw
24:16 Wheelbarrow
23:29 Town Watch
24:54 Padded Archer Armor
24:57 Gold Mining
26:54 Husbandry
27:04 Bloodlines
28:54 Leather Archer Armor
29:51 Gold Shaft Mining
30:26 Hand Cart
31:15 Hand Cart
32:48 Horse Collar
33:35 Heavy Plow
36:56 Imperial Age
Noob
8:07 Loom
13:35 Feudal Age
14:45 Double-Bit Axe
14:42 Horse Collar
15:52 Fletching
26:31 Castle Age
27:17 Bodkin Arrow
28:31 Szlachta Privileges
28:49 Scale Barding Armor
29:32 Husbandry
30:15 Bloodlines
30:25 Heavy Plow
30:37 Bow Saw
32:32 Chain Barding Armor
elchinaleikazo
5:06 Loom
12:55 Feudal Age
14:57 Horse Collar
21:10 Town Watch
23:46 Castle Age
23:01 Fletching
23:23 Bloodlines
23:43 Padded Archer Armor
24:50 Bodkin Arrow
28:48 Husbandry
29:25 Wheelbarrow
种田玩家打队友别打我
6:08 Loom
14:52 Feudal Age
15:32 Feudal Age
17:09 Double-Bit Axe
18:27 Town Watch
20:50 Wheelbarrow
20:10 Man-at-Arms
28:02 Castle Age
27:34 Bloodlines
28:03 Gold Mining
30:47 Capped Ram
Agua Mineral
3:06 Loom
12:59 Feudal Age
14:08 Double-Bit Axe
14:06 Horse Collar
20:31 Man-at-Arms
26:33 Forging
32:56 Castle Age
Connection lost

Rejoining the realm…

Still unreachable

The connection could not be restored.

Session expired

The server has moved on; the page needs a fresh start.